 Dungeon Crawl Stone Soup version 0.28-a0-1227-ga9037bb4c8 (webtiles) character file.

Game seed: 5880899080301436175

109 AarnesTheHuman the Shield-Bearer (level 4, 0/35 HPs)
             Began as a Demonspawn Fighter on Dec 22, 2021.
             Succumbed to a kobold's poison
             ... on level 3 of the Dungeon.
             The game lasted 00:05:15 (2353 turns).

AarnesTheHuman the Shield-Bearer (DsFi)             Turns: 2353, Time: 00:05:16

Health: 0/35       AC:  8    Str: 17 (18) XL:     4   Next: 60%
Magic:  4/4        EV:  9    Int:  8 (10) God:
Gold:   105        SH:  4    Dex: 10 (12) Spells: 3/3 levels left

rFire   . . .      SeeInvis .   a - +1 dagger (venom)
rCold   . . .      Faith    .   c - +0 buckler
rNeg    . . .      Spirit   .   e - +0 scale mail
rPois   .          Reflect  .   (no helmet)
rElec   .          Harm     .   (no cloak)
rCorr   .          Rampage  .   (no gloves)
Will    .....                   (no boots)
Stlth   ..........              (no amulet)
HPRegen 0.11/turn               (no ring)
MPRegen 0.09/turn               (no ring)

@: brilliant, lethally poisoned (0 -> -22)
A: molten scales 1, demonic touch 1
a: no special abilities


You were on level 3 of the Dungeon.
You visited 1 branch of the dungeon, and saw 3 of its levels.

You collected 105 gold pieces.

Inventory:

Hand Weapons
 a - a +1 dagger of venom (weapon)
 b - a +0 war axe
 f - a +0 dagger
Missiles
 j - 19 sling bullets
 m - a throwing net
 o - 30 stones (quivered)
 p - 3 curare-tipped darts
Armour
 c - a +0 buckler (worn)
 e - a +0 scale mail (worn)
 g - a +0 ring mail
Jewellery
 r - a ring of ice
 s - a ring of fire
Scrolls
 h - 2 scrolls of blinking
 i - a scroll of noise
 k - a scroll of teleportation {unknown}
 l - 4 scrolls of identify {unknown}
 n - a scroll of amnesia {unknown}
Potions
 d - 2 potions of might


   Skills:
 + Level 3.5 Fighting
 - Level 2.9 Axes
 - Level 2.6 Armour
 - Level 4.0 Shields


You had 3 spell levels left.
You didn't know any spells.
Your spell library contained the following spells:

 Spells                   Type           Power      Damage    Failure   Level
 Gell's Gravitas          Tloc           0%         N/A       99%         3
 Lesser Beckoning         Tloc           0%         N/A       99%         3
 Teleport Other           Tloc           0%         N/A       99%         3
 Summon Ice Beast         Ice/Summ       0%         N/A       100%        4
 Summon Mana Viper        Hex/Summ       0%         N/A       100%        5
 Monstrous Menagerie      Summ           0%         N/A       100%        7


Dungeon Overview and Level Annotations

Branches:
Dungeon (3/15)

Altars:

Shops:
D:1 :   D:2 =

Annotations:
D:2 Terence


Innate Abilities, Weirdness & Mutations

You are partially covered in molten scales. (AC +2)
Your touch may inflict minor irresistible damage on your foes.


Message History

The iguana hisses angrily.
The kobold throws a poisoned dart.
The poisoned dart hits you!
You are poisoned.
There is an open door here.
You feel very sick.
You barely miss the iguana.
You feel sick.
The kobold throws a poisoned dart.
The poisoned dart barely misses you.
You closely miss the iguana.
You feel sick. You block the iguana's attack.
You closely miss the iguana.
You feel sick. You block the iguana's attack.
The kobold throws a poisoned dart.
The poisoned dart hits you!
You are more poisoned.
You hit the iguana but do no damage.
The iguana is poisoned.
You feel very sick. The iguana closely misses you.
You hit the iguana but do no damage.
The iguana looks as sick as possible!
The iguana is lightly wounded.
You feel very sick. The iguana bites you!
The kobold throws a poisoned dart.
The poisoned dart hits you!
You are lethally poisoned!
It was a potion of degeneration.
There was something very wrong with that liquid.
You feel weakened.
You feel dopey.
You feel clumsy.
You feel very sick. The iguana barely misses you.
It was a potion of brilliance.
You feel clever all of a sudden.
* * * LOW HITPOINT WARNING * * *
You feel very sick. The iguana closely misses you.
The kobold barely misses you.
Blink to where?
Press: ? - help, Dir - move target
As you read the scroll labelled YJEEXTAM DILEU, it crumbles to dust.
It was a scroll of blinking.
* * * LOW HITPOINT WARNING * * *
You feel sick.
The kobold throws a poisoned dart.
The poisoned dart hits you!
You are more poisoned.
As you read the scroll labelled TIUDUS MEGGEHO, it crumbles to dust.
You hear a loud clanging noise!
It was a scroll of noise.
You die...

####### ######## .......
........
.......#################
........................
#######@########.######.
#..l.....##........
#..K.....##.#####..
...........##.# #..
#............##.# #..
.............##.# #..
.....#..#######.# .#..
.##.###.#.. ..# .#.# #.
#.#.#####.## .#.#


You could see an iguana (very poisoned) and a kobold.

Vanquished Creatures
  Jessica (D:2)
  4 gnolls (D:2)
  A dart slug (D:1)
  3 endoplasms
  5 giant cockroaches
  4 goblins
  3 hobgoblins
  5 jackals (D:1)
  2 quokkas
  A ball python (D:1)
  3 bats (D:2)
  3 frilled lizards
  3 kobolds (D:1)
  5 rats
43 creatures vanquished.

Notes
Turn   | Place    | Note
-------+----------+-------------------------------------------
     0 | D:1      | AarnesTheHuman the Demonspawn Fighter began the quest for
                  | the Orb.
     0 | D:1      | Reached XP level 1. HP: 18/18 MP: 1/1
   258 | D:1      | Reached skill level 3 in Shields
   285 | D:1      | Gained mutation: Your touch may inflict minor irresistible
                  | damage on your foes. [demonic ancestry]
   285 | D:1      | Reached XP level 2. HP: 20/24 MP: 2/2
   500 | D:1      | Found Imneqor's Book Shoppe.
   883 | D:1      | Found a faded altar of an unknown god.
   906 | D:1      | Reached XP level 3. HP: 28/29 MP: 3/3
  1021 | D:2      | Found Umafabaj's Jewellery Shop.
  1026 | D:2      | Noticed Jessica
  1035 | D:2      | Killed Jessica
  1247 | D:2      | Gained mutation: You are partially covered in molten
                  | scales. (AC +2) [demonic ancestry]
  1247 | D:2      | Reached XP level 4. HP: 21/35 MP: 4/4
  1253 | D:2      | Reached skill level 4 in Shields
  1914 | D:2      | Noticed Terence
  2353 | D:3      | Succumbed to a kobold's poison

Illustrated notes

Levels and vault maps discovered:
D:1:      elethiomel_arrival_maze, layout_basic,
          hellmonk_ecumenical_altar_inner_sanctum, serial_shops, shop
D:2:      layout_loops_ring, serial_shops, nicolae_square_shop, uniq_terence,
          uniq_jessica
D:3:      layout_basic, uniq_robin

Skill      XL: |  1  2  3  4 |
---------------+-------------+-----
Axes           | 2 |  2.9
Shields        | 3 4 |  4.0
Fighting       | |  3.5
Armour         | |  2.6

Action                   |  1- 3 |  4- 6 || total
-------------------------+-------+-------++-------
Melee: War axe           |    70 |       ||    70
       Dagger            |    16 |    65 ||    81
  Use: Potion            |     3 |     2 ||     5
       Scroll            |       |     2 ||     2
Armor: Scale mail        |    36 |    22 ||    58
Dodge: Dodged            |    23 |    21 ||    44
Block: Buckler           |    17 |    14 ||    31

Table legend: (Time is in decaauts)
 A = Elapsed time spent in this place.
 B = Non-inter-level travel time spent in this place.
 C = Inter-level travel time spent in this place.
 D = Time resting spent in this place.
 E = Time spent auto-exploring this place.
 F = Levels seen in this place.
 G = Mean time per level.
                   A        B        C        D        E       F      G
               +--------+--------+--------+--------+--------+-----+--------+
         Total |   2383 |   2323 |     60 |    353 |   1518 |   3 |  794.3 |
       Dungeon |   2383 |   2323 |     60 |    353 |   1518 |   3 |  794.3 |
               +--------+--------+--------+--------+--------+-----+--------+

Top non-repeatable levels by time:
     D:1: 1237 daAuts
     D:2: 781 daAuts
     D:3: 364 daAuts
